 Dungeon Crawl Stone Soup version 0.31-a0-549-gf98fd537a9 (webtiles) character file.

Game seed: 15788196168400354337

828 Ethylacetat the Insei (level 7, 0/4 HPs)
             Began as an Octopode Gladiator on Aug 16, 2023.
             Killed by nerve-wracking pain
             ... invoked by Menkaure
              (4 damage)
             ... on level 4 of the Dungeon.
             The game lasted 00:08:34 (3095 turns).

Ethylacetat the Insei (Octopode Gladiator)          Turns: 3095, Time: 00:08:35

Health: 0/4        AC: 15    Str: 13    XL:     7   Next: 97%
Magic:  0/7        EV: 34    Int: 11    God:
Gold:   151        SH:  0    Dex: 15    Spells: 7/7 levels left

rFire   . .          .
                       - Unarmed
rCold   . . .        (shield currently unavailable)
rNeg    . . .        a - melded +0 hat
rPois   ∞            n - amulet of guardian spirit
rElec   +            (no ring)
rCorr   .            (no ring)
SInv    .            (no ring)
Will    .....        (no ring)
Stlth   +            (no ring)
HPRegen 0.20/turn    (no ring)
MPRegen 0.10/turn    (no ring)
                     (no ring)

%: guardian spirit
@: storm-form, flying
A: cleaving, insubstantial, flying, reduced hp, almost no armour, amphibious, 8
rings, (camouflage 1), (gelatinous body 1), (nimble swimmer 1), (tentacles)
a: Blinkbolt, Begin Untransformation


You were on level 4 of the Dungeon.
You were a lightning-filled tempest!
You visited 1 branch of the dungeon, and saw 5 of its levels.

You collected 151 gold pieces.

Inventory:

Missiles
 b - 3 throwing nets (quivered)
 c - a javelin
Armour
 a - a +0 hat (melded)
Jewellery
 n - an amulet of guardian spirit (around neck)
 o - a ring of see invisible
Talismans
 m - a storm talisman (active)
Scrolls
 e - 3 scrolls of identify {unknown}
 g - a scroll of enchant armour {unknown}
 h - a scroll of noise {unknown}
 i - a scroll of fear {unknown}
 j - a scroll of immolation {unknown}
 k - a scroll of vulnerability {unknown}
 l - a scroll of blinking {unknown}
Potions
 d - a potion of enlightenment {unknown}
 f - a potion of heal wounds {unknown}


   Skills:
 - Level 4.4 Fighting
 - Level 2.0 Throwing
 - Level 4.9 Dodging
 + Level 5.0 Unarmed Combat
 + Level 0.5 Spellcasting
 * Level 3.9 Shapeshifting


You had 7 spell levels left.
You didn't know any spells.
Your spell library contained the following spells:

 Spells                   Type           Power      Damage    Failure   Level
 Vhi's Electric Charge    Tloc/Air       0%         N/A       71%         3
 Arcjolt                  Conj/Air       0%         1d10      100%        5
 Plasma Beam              Fire/Air       0%         2x1d10    100%        6


Dungeon Overview and Level Annotations

Branches:
Dungeon (5/15)
 Temple: D:4-7

Altars:
The Shining One

Annotations:
D:4 Menkaure


Innate Abilities, Weirdness & Mutations

You are a lightning-filled tempest!
Your electrical attacks strike out in all directions at once.
You are incredibly evasive.
Your insubstantial body is immune to petrification, constriction, and being set on fire You are flying.
Your maximum health is decreased, since you lack skill for your form.
Your armour is entirely melded.
You are incapable of wielding weapons or throwing items.
You cannot wear most types of armour.
You are amphibious.
You can wear up to eight rings at the same time.
You are immune to poison.
((Your skin changes colour to match your surroundings (Stealth+).))
((Your rubbery body absorbs attacks. (AC +1, EV +1)))
((You are camouflaged when in or above water. (Stealth+)))
((You have tentacles for arms and can constrict up to eight enemies at once.))


Message History

You are a lightning-filled tempest!
You are flying.
Your flying speed is average.
Your attack delay is about 0.9.
Your damage rating with unarmed combat is about 39 (Base [29 + 5 (UC)] x 107% (Str) x 107% (Fight)).
No target in view!
No target in view!
You feel energetic enough to blinkbolt again.
The gnoll shouts!
You hear a shout!
Aiming: Blinkbolt
Press: ? - help, Dir - move target, f - gnoll
Aim: a gnoll, wielding a +0 spear (89% to hit)
The shock of your passage hits the gnoll!!
You kill the gnoll!
You blink.
Unknown command.
Things that are here:
a +0 whip of flaming; a +0 robe You feel energetic enough to blinkbolt again.
There is a stone staircase leading down here.
o - a ring of see invisible You now have 122 gold pieces (gained 10).
Things that are here:
a +0 whip; 2 stones; a kobold skeleton
Found a stone staircase leading up.
You now have 137 gold pieces (gained 15).
You now have 151 gold pieces (gained 14).
Found 3 stones.
Found a stone staircase leading up.
An endoplasm comes into view.
Found a club.
The helpless endoplasm fails to defend itself.
You buffet the endoplasm!
You kill the endoplasm!
No target in view!
Found a whip.
Menkaure, Prince of Dust comes into view.
Menkaure shouts!
You hear a shout!
Menkaure points at you and mumbles some strange words.
Pain shoots through your body!
Ouch! That really hurt!
You die...

......... .......
#...... #......
#.....##
..........###.....
..............)..#
..........###.#Mv##
..........##..###.##
....^..........##..#
.............###..##
..........).......#
..............#.###
.......##.#######
...##.....###
....#.......#


You could see Menkaure.

Vanquished Creatures
  Pikel (D:4)
  A lemure (D:4)
  A phantom (D:4)
  A gnoll sergeant (D:4)
  2 scorpions
  A jelly (D:4)
  3 gnolls (D:4)
  3 adders
  A white imp (D:5)
  3 worms
  3 dart slugs
  An orc (D:2)
  4 ball pythons
  3 bats
  5 endoplasms
  A goblin (D:3)
  5 hobgoblins
  3 jackals (D:1)
  2 quokkas
  3 frilled lizards (D:2)
  6 kobolds
  6 rats
59 creatures vanquished.

Notes
Turn   | Place    | Note
-------+----------+-------------------------------------------
     0 | D:1      | Ethylacetat the Octopode Gladiator began the quest for the
                  | Orb.
     0 | D:1      | Reached XP level 1. HP: 14/14 MP: 1/1
    72 | D:1      | Reached XP level 2. HP: 19/19 MP: 2/2
   104 | D:1      | Found a faded altar of an unknown god.
   117 | D:1      | Prayed at the altar of an unknown god.
   117 | D:1      | Became a worshipper of the Shining One
   117 | D:1      | Reached * piety under the Shining One
   118 | D:1      | Fell from the grace of the Shining One
   629 | D:1      | Reached XP level 3. HP: 25/25 MP: 3/3
  1271 | D:3      | Noticed a scorpion
  1329 | D:3      | Reached XP level 4. HP: 26/30 MP: 4/4
  1487 | D:3      | Killed a scorpion
  1488 | D:3      | Reached skill level 1 in Shapeshifting
  1488 | D:3      | Reached XP level 5. HP: 18/36 MP: 5/5
  1703 | D:3      | You fall into a shaft and drop 2 floors!
  1703 | D:5      | Entered Level 5 of the Dungeon
  1829 | D:5      | Reached skill level 4 in Unarmed Combat
  1910 | D:5      | Noticed an ogre
  1914 | D:4      | Noticed a phantom
  1920 | D:4      | Reached XP level 6. HP: 24/42 MP: 6/6
  2065 | D:4      | Noticed Pikel
  2634 | D:4      | Killed Pikel
  2635 | D:4      | Reached XP level 7. HP: 7/49 MP: 7/7
  2995 | D:4      | Reached skill level 5 in Unarmed Combat
  3094 | D:4      | Noticed Menkaure
  3095 | D:4      | Killed from afar by Menkaure

Illustrated notes

Levels and vault maps discovered:
D:1:      dpeg_arrival_pond, layout_loops_ring,
          hellmonk_ecumenical_altar_crossroads
D:2:      layout_rooms, nrook_uturn
D:3:      layout_basic, grunt_dithmenos_smoke_and_mirrors,
          ebering_ghost_reflecting_pool, kennysheep_decorative_pillar
D:4:      layout_cave_pools, amcnicky_altar_gilded, st_stairs_12,
          lightli_minifort, uniq_grinder, uniq_pikel, uniq_menkaure,
          uniq_duvessa
D:5:      layout_basic, grunt_gozag_breadcrumbs, temple_doors_e,
          dreamdust_wishing_well, dilly_guarded_unrand_devastator,
          uniq_crazy_yiuf_cottage

Skill      XL: |  1  2  3  4  5  6  7 |
---------------+----------------------+-----
Fighting       | 3 4 |  4.4
Shapeshifting  | 1 2 3 |  3.9
Dodging        | 4 |  4.9
Unarmed Combat | 4 5 |  5.0
Throwing       | |  2.0
Spellcasting   | |  0.5

Action                     |  1- 3 |  4- 6 |  7- 9 || total
---------------------------+-------+-------+-------++-------
  Melee: Unarmed           |    73 |    90 |    19 ||   182
         Tentacles         |    16 |    29 |     4 ||    49
         Constrict         |    21 |    14 |     5 ||    40
         Punch             |     3 |     4 |       ||     7
 Invoke: Renounce Religion |     1 |       |       ||     1
Ability: Blinkbolt         |       |       |     2 ||     2
   Stab: Sleeping          |     9 |     4 |     1 ||    14
 Armour: Skin              |     3 |     3 |       ||     6
  Dodge: Dodged            |    48 |    55 |    27 ||   130
   Form: Storm             |       |       |     1 ||     1

Table legend: (Time is in decaauts)
 A = Elapsed time spent in this place.
 B = Non-inter-level travel time spent in this place.
 C = Inter-level travel time spent in this place.
 D = Time resting spent in this place.
 E = Time spent auto-exploring this place.
 F = Levels seen in this place.
 G = Mean time per level.
                   A        B        C        D        E       F      G
               +--------+--------+--------+--------+--------+-----+--------+
         Total |   3082 |   3037 |     45 |    919 |   1422 |   5 |  616.4 |
       Dungeon |   3082 |   3037 |     45 |    919 |   1422 |   5 |  616.4 |
               +--------+--------+--------+--------+--------+-----+--------+

Top non-repeatable levels by time:
     D:4: 1174 daAuts
     D:1: 688 daAuts
     D:2: 592 daAuts
     D:3: 416 daAuts
     D:5: 209 daAuts
